 Dungeon Crawl Stone Soup version 0.30-a0-439-g9e77e4d916 (webtiles) character file.

Game seed: 3483330498793173935

397 oldriver the Magician (level 6, -1/49 HPs)
             Began as a Mummy Necromancer on Dec 11, 2022.
             Slain by a phantom (6 damage)
             ... on level 3 of the Dungeon.
             The game lasted 00:06:47 (3492 turns).

oldriver the Magician (Mummy Necromancer)           Turns: 3492, Time: 00:06:48

Health: -1/49      AC:  2    Str: 15    XL:     6   Next: 53%
Magic:  12/15      EV: 12    Int: 16    God:
Gold:   150        SH:  0    Dex: 13    Spells: 13/17 levels left

rFire   . . .      SeeInvis .    (no weapon)
rCold   . . .      Faith    +    (no shield)
rNeg    + + +      Spirit   .    a - +0 robe
rPois   ∞          Reflect  .    (no helmet)
rElec   .          Harm     .    (no cloak)
rCorr   .          Rampage  .    (no gloves)
Will    .....                    (no boots)
Stlth   ++........               (no amulet)
HPRegen 0.28/turn                b - ring "Eruall" {Fire Str+4}
MPRegen 0.14/turn                (no ring)

@: no status effects
A: cold resistance 1, negative energy resistance 3, torment resistance 2, heat
vulnerability 1, in touch with death 1, no potions, faith
a: no special abilities


You were on level 3 of the Dungeon.
You visited 1 branch of the dungeon, and saw 4 of its levels.

You collected 150 gold pieces.

Inventory:

Armour
 a - a +0 robe (worn)
Jewellery
 b - the ring "Eruall" (left hand) {Fire Str+4}
   (You acquired it on level 2 of the Dungeon)

   [ring of fire]

   It enhances your fire magic.
   Str:       It affects your strength (+4).
   rF:        It protects you from fire.
   rC:        It makes you vulnerable to cold.
Wands
 c - a wand of roots (9)


   Skills:
 + Level 4.5 Fighting
 - Level 1.5 Dodging
 - Level 1.5 Stealth
 + Level 6.3 Spellcasting
 - Level 4.0 Necromancy


You had 13 spell levels left.
You knew the following spells:

 Your Spells              Type           Power      Damage    Failure   Level
a - Necrotise             Necr           100%       1d9       2%          1
b - Vampiric Draining     Necr           26%        2d7       8%          3

Your spell library contained the following spells:

 Spells                   Type           Power      Damage    Failure   Level
 Animate Dead             Necr           26%        N/A       26%         4
 Agony                    Necr           26%        N/A       56%         5


Dungeon Overview and Level Annotations

Branches:
Dungeon (4/15)
 Temple: D:4-7

Altars:
Fedhas
Gozag

Shops:
D:3 *


Innate Abilities, Weirdness & Mutations

You are immune to poison.
Your flesh is cold resistant. (rC+)
You are immune to negative energy. (rN+++)
You are immune to unholy pain and torment.
You are vulnerable to heat. (rF-)
You are in touch with the powers of death.
You do not drink.
You have a special connection with the divine. (Faith)


Message History

You climb upwards.
There is a stone staircase leading down here.
Casting: Vampiric Draining (dangerous; 8% risk of failure)
Confirm with . or Enter, or press ? or * to list all spells.
You can't see any susceptible monsters within range! (Use Z to cast anyway.)
Casting: Vampiric Draining (dangerous; 8% risk of failure)
Confirm with . or Enter, or press ? or * to list all spells.
Okay, then.
Aiming: Fastroot
Press: ? - help, Shift-Dir - straight line, f - you The roots erupt in riotous growth!
The phantom is unaffected.
The phantom hits you.
The phantom blinks!
You blink.
Unknown command.
Casting: Vampiric Draining (dangerous; 8% risk of failure)
Confirm with . or Enter, or press ? or * to list all spells.
You don't know that spell.
The phantom attacks as you move away! The phantom hits you.
* * * LOW HITPOINT WARNING * * *
Attack: -) Nothing wielded
Press: ? - help, Dir - move target, f - phantom
Aim: a phantom (about 52% to evade your hands)
You barely miss the phantom. The phantom hits you.
* * * LOW HITPOINT WARNING * * *
Unknown command.
Aiming: Fastroot
Press: ? - help, Shift-Dir - straight line, f - you, p - phantom The roots erupt in riotous growth!
The phantom is unaffected.
The phantom barely misses you.
You barely miss the phantom. The phantom hits you.
* * * LOW HITPOINT WARNING * * *
The phantom blinks!
You blink.
You aren't carrying any scrolls.
The phantom closely misses you.
There is a stone staircase leading down here.
The phantom attacks as you move away!
The phantom hits you but does no damage.
The phantom attacks as you move away! The phantom hits you.
* * * LOW HITPOINT WARNING * * *
The phantom attacks as you move away! The phantom hits you.
You die...

##..#...#..###..##.....#......≈..
..#..###..#...#........#...)..≈.⌠
..#...#...#...#...............≈..
..#...#..##...#...#....####.##≈≈.
##.###..#..###.###.<...# #..).≈.
........#..........#.### ####.≈.
##.###..#..###.###.....# #.≈≈
..#...#).##...#...##.#.#######..)
..#...#...#...#.@.##...........##
..#..###..#...#.W.####)########..
##..#...#..###...)####.########.#
#...#...#...#...#!......[........
#..##...#...#...#.####.########.#
..#..###.###..#.#.# #.# #..
..#...........#>#.# #.# ###
..#..###.#........# #.# ####.#
####.......####.#


You could see a phantom.

Vanquished Creatures
  A black bear (D:4)
  An ice beast (D:3)
  A howler monkey (D:4)
  An iguana (D:4)
  Robin (D:3)
  5 adders
  A worm (D:3)
  2 dart slugs (D:2)
  5 orcs (D:3)
  8 endoplasms
  2 giant cockroaches
  12 goblins
  9 hobgoblins
  7 jackals (D:1)
  2 quokkas (D:3)
  5 ball pythons
  5 bats
  4 frilled lizards
  7 kobolds
  2 rats
81 creatures vanquished.

Vanquished Creatures (collateral kills)
  A goblin (D:1)
  A jackal (D:1)
  A rat (D:1)
3 creatures vanquished.

Vanquished Creatures (others)
  A goblin (D:2)
1 creature vanquished.

Grand Total: 85 creatures vanquished

Notes
Turn   | Place    | Note
-------+----------+-------------------------------------------
     0 | D:1      | oldriver the Mummy Necromancer began the quest for the Orb.
     0 | D:1      | Reached XP level 1. HP: 13/13 MP: 4/4
    74 | D:1      | Reached skill level 3 in Spellcasting
    84 | D:1      | Reached skill level 1 in Fighting
   150 | D:1      | Reached XP level 2. HP: 21/21 MP: 4/6
   572 | D:1      | Gained mutation: You are in touch with the powers of death.
                  | [Mummy growth]
   572 | D:1      | Reached XP level 3. HP: 27/27 MP: 1/8
   682 | D:1      | Learned a level 3 spell: Vampiric Draining
   985 | D:2      | Found a faded altar of an unknown god.
   995 | D:2      | Reached skill level 4 in Spellcasting
  1317 | D:2      | Reached XP level 4. HP: 34/34 MP: 7/10
  1567 | D:2      | Identified the +2 rapier "Piossekh" {freeze, Dex+4}
  1908 | D:3      | Noticed an ice beast
  2021 | D:3      | Found Gozag's Platinum Reserve.
  2043 | D:3      | Found an opulent altar of Gozag.
  2048 | D:3      | Noticed Robin
  2440 | D:3      | Identified a scroll of acquirement
  2567 | D:2      | Acquired the ring "Eruall" {Fire Str+4}
  2735 | D:3      | Found a blossoming altar of Fedhas.
  2893 | D:3      | Killed Robin
  2926 | D:3      | Killed an ice beast
  2927 | D:3      | Reached skill level 5 in Spellcasting
  2927 | D:3      | Reached XP level 5. HP: 42/42 MP: 5/12
  3326 | D:4      | Reached XP level 6. HP: 47/48 MP: 9/14
  3368 | D:4      | Reached skill level 6 in Spellcasting
  3492 | D:3      | Slain by a phantom

Illustrated notes

Levels and vault maps discovered:
D:1:      minmay_arrival_three_doors, layout_rooms
D:2:      layout_basic, shapermc_ecumenical_altar_starsandcircs
D:3:      layout_loops_ring, nicolae_gozag_zags_fifth_avenue, fedhas_altar_4,
          nicolae_overflow_hidden_temple, nicolae_titane, uniq_robin
D:4:      layout_gridville, minmay_cupped

Skill      XL: |  1  2  3  4  5  6 |
---------------+-------------------+-----
Spellcasting   | 3 4 5 6 |  6.3
Fighting       | 1 2 3 4 |  4.5
Dodging        | |  1.5
Stealth        | |  1.5
Necromancy     | |  4.0

Action                   |  1- 3 |  4- 6 || total
-------------------------+-------+-------++-------
Melee: Unarmed           |     4 |     6 ||    10
       Punch             |     1 |       ||     1
 Cast: Necrotise         |    67 |   102 ||   169
       Vampiric Draining |       |     3 ||     3
Evoke: Wand              |       |     2 ||     2
  Use: Scroll            |       |     3 ||     3
Armor: Robe              |    10 |     8 ||    18
Dodge: Dodged            |    26 |    28 ||    54

Table legend: (Time is in decaauts)
 A = Elapsed time spent in this place.
 B = Non-inter-level travel time spent in this place.
 C = Inter-level travel time spent in this place.
 D = Time resting spent in this place.
 E = Time spent auto-exploring this place.
 F = Levels seen in this place.
 G = Mean time per level.
                   A        B        C        D        E       F      G
               +--------+--------+--------+--------+--------+-----+--------+
         Total |   3491 |   3392 |     99 |    261 |   2517 |   4 |  872.8 |
       Dungeon |   3491 |   3392 |     99 |    261 |   2517 |   4 |  872.8 |
               +--------+--------+--------+--------+--------+-----+--------+

Top non-repeatable levels by time:
     D:2: 1309 daAuts
     D:3: 1244 daAuts
     D:1: 703 daAuts
     D:4: 234 daAuts
